 Dungeon Crawl Stone Soup version 0.29.1-13-g9f3cf754e1 (webtiles) character file.

Game seed: 13352902066498838770

68 Iago the Covered (level 4, -3/40 HPs)
             Began as a Minotaur Fighter on Jan 30, 2023.
             Killed by nerve-wracking pain
             ... invoked by Grinder
              (7 damage)
             ... on level 3 of the Dungeon.
             The game lasted 00:05:00 (1991 turns).

Iago the Covered (Minotaur Fighter)                 Turns: 1991, Time: 00:05:00

Health: -3/40      AC:  7    Str: 23    XL:     4   Next: 1%
Magic:  3/3        EV:  9    Int:  5    God:
Gold:   175        SH:  4    Dex:  9    Spells: 3/3 levels left

rFire   . . .      SeeInvis .   a - +0 war axe
rCold   . . .      Faith    .   c - +0 buckler
rNeg    . . .      Spirit   .   s - +0 scale mail
rPois   .          Reflect  .   (helmet restricted)
rElec   .          Harm     .   (no cloak)
rCorr   .          Rampage  .   (no gloves)
Will    .....                   (no boots)
Stlth   ..........              (no amulet)
HPRegen 0.13/turn               p - ring of wizardry
MPRegen 0.08/turn               (no ring)

@: no status effects
A: horns 2, retaliatory headbutt
a: no special abilities


You were on level 3 of the Dungeon.
You visited 1 branch of the dungeon, and saw 3 of its levels.

You collected 175 gold pieces.

Inventory:

Hand Weapons
 a - a +0 war axe (weapon)
 b - a +0 sling
Armour
 c - a +0 buckler (worn)
 s - a +0 scale mail (worn)
Jewellery
 p - a ring of wizardry (left hand)
Scrolls
 e - 3 scrolls of teleportation {unknown}
 h - 2 scrolls of immolation {unknown}
 i - 3 scrolls of identify {unknown}
 k - a scroll of vulnerability {unknown}
 r - a scroll of blinking {unknown}
Potions
 d - a potion of might
 g - a potion of flight {unknown}
 j - 3 potions of invisibility {unknown}
 l - a potion of mutation {unknown}
 m - 3 potions of resistance {unknown}
 n - a potion of curing {unknown}
 o - 3 potions of heal wounds {unknown}
 q - 2 potions of brilliance {unknown}


   Skills:
 * Level 4.0 Fighting
 * Level 3.5 Axes
 * Level 4.2 Armour
 * Level 0.6 Dodging
 * Level 3.9 Shields
 * Level 1.0 Invocations
 * Level 0.2 Evocations


You had 3 spell levels left.
You didn't know any spells.
Your spell library contained the following spells:

 Spells                   Type           Power      Damage    Failure   Level
 Gell's Gravitas          Tloc           0%         N/A       87%         3
 Teleport Other           Tloc           0%         N/A       87%         3
 Dispersal                Tloc           0%         N/A       100%        6


Dungeon Overview and Level Annotations

Branches:
Dungeon (3/15)

Altars:

Shops:
D:2 :

Annotations:
D:3 Grinder


Innate Abilities, Weirdness & Mutations

You have a pair of horns on your head.
You reflexively headbutt those who attack you in melee.


Message History

Your Invocations skill increases to level 1!
You have reached level 4!
You feel stronger.
Things that are here:
an adder corpse; an adder corpse Grinder comes into view.
Grinder shouts!
Grinder gestures at you. Pain shoots through your body!
Grinder gestures at you.
You suddenly lose the ability to move!
You can move again.
You barely miss Grinder. Grinder gestures at you.
Pain shoots through your body! Grinder hits you but does no damage.
You are too injured to fight recklessly!
You are too injured to fight recklessly!
Unknown command.
There are no items here.
You don't know any spells.
You are too injured to fight recklessly!
You are too injured to fight recklessly!
You are too injured to fight recklessly!
You hit Grinder.
Grinder is lightly wounded.
Grinder says, "There's only one good use for a tongue: cutting it out."
Grinder hits you but does no damage.
You slash Grinder! Your headbutt misses Grinder.
Grinder is moderately wounded.
Grinder hits you.
You writhe in agony.
* * * LOW HITPOINT WARNING * * *
You hit Grinder but do no damage.
Grinder is moderately wounded.
Grinder hits you.
* * * LOW HITPOINT WARNING * * *
You writhe in agony.
* * * LOW HITPOINT WARNING * * *
Grinder gestures at you. Pain shoots through your body!
You die...

#.......# #.......#
#.......#
#.......#################
...........†.........(..#
#.......###############.#
.....................##.#
######...............##.#
#.........@5.$..##.#.# .#
#.......##########.#.# #?..
#.......# #.#.#####+
######.###########.#...#...
.................(....>.#.#
#######.######..........#.#
#.# #......[..##.# #.#
#.........# .? ..#
#......)..#


You could see Grinder.

Vanquished Creatures
  3 adders
  2 dart slugs
  An orc (D:3)
  6 ball pythons
  2 bats
  5 endoplasms
  3 giant cockroaches
  2 hobgoblins (D:2)
  2 frilled lizards
  3 goblins
  3 kobolds
  5 rats
37 creatures vanquished.

Notes
Turn   | Place    | Note
-------+----------+-------------------------------------------
     0 | D:1      | Iago the Minotaur Fighter began the quest for the Orb.
     0 | D:1      | Reached XP level 1. HP: 19/19 MP: 0/0
   246 | D:1      | Reached XP level 2. HP: 16/27 MP: 1/1
   927 | D:2      | Found a faded altar of an unknown god.
  1008 | D:2      | Found Ziduat's Book Emporium.
  1267 | D:2      | Reached XP level 3. HP: 32/33 MP: 2/2
  1970 | D:3      | Reached skill level 1 in Invocations
  1970 | D:3      | Reached XP level 4. HP: 40/40 MP: 3/3
  1983 | D:3      | Noticed Grinder
  1986 | D:3      | Paralysed by Grinder for 2 turns
  1991 | D:3      | Killed from afar by Grinder

Illustrated notes

Levels and vault maps discovered:
D:1:      psy_arrival_whirlpool, layout_rooms, dk_noncrumbling_4
D:2:      layout_rooms, serial_co_window_serial, co_window_of_opportunity_a,
          co_window_corner_a, co_window_paths_b, co_window_paths_b,
          co_window_paths_b, co_window_broadway_a, co_window_broadway_b,
          co_window_2corner, co_window_of_opportunity_b, co_window_4corner_a,
          co_window_paths_e, glass_columns_c,
          hellmonk_ecumenical_altar_lost_god, serial_shops, shop,
          amethyst_killhole
D:3:      layout_basic, mainiacjoe_overflow_alcove_4, uniq_grinder

Skill      XL: |  1  2  3 |
---------------+----------+-----
Armour         | 4 |  4.2
Fighting       | 4 |  4.0
Axes           | 3 |  3.5
Invocations    | 1 |  1.0
Dodging        | |  0.6
Shields        | |  3.9
Evocations     | |  0.2

Action                   |  1- 3 |  4- 6 || total
-------------------------+-------+-------++-------
Melee: War axe           |    87 |     4 ||    91
       Headbutt          |     2 |       ||     2
 Fire: Sling             |     1 |       ||     1
Armor: Scale mail        |    40 |     2 ||    42
Dodge: Dodged            |    38 |       ||    38
Block: Buckler           |    22 |       ||    22
